 Dungeon Crawl Stone Soup version 0.30.1-9-gdf580d7c3d (webtiles) character file.

Game seed: 9831018518791660056

32874 lonewolfV2 the Warmonger (level 13, -2/106 HPs)
             Began as a Demonspawn Fighter on Oct 24, 2023.
             Was a High Priest of Okawaru.
             Slain by a white ugly thing (20 damage)
             ... on level 14 of the Dungeon.
             The game lasted 00:30:55 (18348 turns).

lonewolfV2 the Warmonger (Demonspawn Fighter)      Turns: 18348, Time: 00:30:55

Health: -2/106     AC: 13    Str: 25    XL:     13   Next: 33%
Magic:  22/22      EV: 11    Int: 13    God:    Okawaru [*****.]
Gold:   1011       SH:  5    Dex: 12    Spells: 12/12 levels left

rFire   . . .        b - +7 glaive of Warch {heavy, rElec rCorr Str+3 SInv}
rCold   . . .        (shield currently unavailable)
rNeg    + . .        (no body armour)
rPois   .            i - +1 helmet
rElec   +            P - +0 cloak
rCorr   +            k - +0 pair of gloves
SInv    +            O - +0 pair of boots of Kulet {Int+3}
Will    .....        H - amulet of reflection
Stlth   +            B - +4 ring of protection
HPRegen 0.37/turn    p - ring of positive energy
MPRegen 0.18/turn

%: reflection
@: no status effects
A: thin metallic scales 2, (demonic guardian 2), spiny 2, weakness stinger 2
a: Renounce Religion, Heroism, Finesse, Duel


You were on level 14 of the Dungeon.
You worshipped Okawaru.
Okawaru was extremely pleased with you.
You visited 2 branches of the dungeon, and saw 15 of its levels.

You collected 1101 gold pieces.
You spent 90 gold pieces at shops.

Inventory:

Hand Weapons
 a - a +1 war axe of electrocution
 b - the +7 glaive of Warch (weapon) {heavy, rElec rCorr Str+3 SInv}
   (You found it on level 9 of the Dungeon)

   Str:       It affects your strength (+3).
   rElec:     It insulates you from electricity.
   SInv:      It lets you see invisible.
   rCorr:     It protects you from acid and corrosion.
 K - a +5 demon trident of electrocution
Missiles
 C - 2 javelins (quivered)
 D - 2 throwing nets
 I - 2 curare-tipped darts
Armour
 c - a +0 buckler
 i - a +1 helmet (worn)
 k - a +0 pair of gloves (worn)
 l - a +0 plate armour
 x - a +0 kite shield of resistance
 L - the +1 acid dragon scales of Zuritusk {rCorr Int+2}
   (Okawaru gifted it to you on level 14 of the Dungeon)

   Int:       It affects your intelligence (+2).
   rCorr:     It protects you from acid and corrosion.
 O - the +0 pair of boots of Kulet (worn) {Int+3}
   (Okawaru gifted it to you on level 12 of the Dungeon)

   Int:       It affects your intelligence (+3).
 P - a +0 cloak (worn)
Jewellery
 g - a ring of flight
 p - a ring of positive energy (right hand)
 u - an amulet of the acrobat
 w - a ring of fire
 B - a +4 ring of protection (left hand)
 H - an amulet of reflection (around neck)
Wands
 s - a wand of flame (11)
 t - a wand of quicksilver (18)
 E - a wand of mindburst (4)
 N - a wand of polymorph (6)
Scrolls
 f - 2 scrolls of fear
 j - 6 scrolls of blinking
 m - 5 scrolls of teleportation
 r - a scroll of immolation
 v - a scroll of poison
 y - a scroll of enchant weapon
 F - a scroll of brand weapon
 J - 2 scrolls of enchant armour
Potions
 d - 2 potions of might
 e - 5 potions of attraction
 h - a potion of invisibility
 n - 3 potions of brilliance
 o - 2 potions of cancellation
 q - 2 potions of degeneration
 z - a potion of magic
 A - 2 potions of flight
 G - 3 potions of lignification


   Skills:
 - Level 11.4 Fighting
 - Level 4.2(8.6) Axes
 * Level 11.7(12.0) Polearms
 + Level 8.9 Armour
 - Level 7.3 Shields
 + Level 13.2 Invocations


You had 12 spell levels left.
You didn't know any spells.
Your spell library contained the following spells:

 Spells                   Type           Power      Damage    Failure   Level
 Beastly Appendage        Tmut           0%         N/A       30%         1
 Necrotise                Necr           0%         1d4       30%         1
 Slow                     Hex            0%         N/A       30%         1
 Cigotuvi's Dreadful Rot  Necr/Pois/Air  0%         N/A       43%         2
 Ensorcelled Hibernation  Hex/Ice        0%         N/A       43%         2
 Poisonous Vapours        Pois/Air       0%         N/A       43%         2
 Sublimation of Blood     Necr           0%         N/A       43%         2
 Wereblood                Tmut           0%         N/A       43%         2
 Confusing Touch          Hex            0%         N/A       67%         3
 Mephitic Cloud           Conj/Pois/Air  0%         N/A       67%         3
 Ozocubu's Armour         Ice            0%         N/A       67%         3
 Spider Form              Tmut/Pois      0%         N/A       67%         3
 Vampiric Draining        Necr           0%         2d6       67%         3
 Anguish                  Hex/Necr       0%         N/A       97%         4
 Dispel Undead            Necr           0%         3d6       97%         4
 Agony                    Necr           0%         N/A       100%        5
 Freezing Cloud           Conj/Ice/Air   0%         6-21      100%        5
 Metabolic Englaciation   Hex/Ice        0%         N/A       100%        5
 Death Channel            Necr           Unusable   N/A       N/A         6
 Simulacrum               Ice/Necr       Unusable   N/A       N/A         6
 Summon Hydra             Summ           Unusable   N/A       N/A         7

Dungeon Overview and Level Annotations

Branches:
Dungeon (14/15)            Temple (1/1) D:5            Lair (0/5) D:8
    Orc (0/2) D:11         Vaults (0/5) D:13

Altars:
Ashenzari
Cheibriados
Dithmenos
Fedhas
Gozag
Hepliaklqana
Kikubaaqudgha
Makhleb
Nemelex Xobeh
Okawaru
Qazlal
Ru
Sif Muna
Trog
Uskayaw
Vehumet
Wu Jian
Xom
Yredelemnul

Shops:
D:4 [   D:14 !

Annotations:
D:12 1 runed translucent door, Danienth's ghost, journeyman TrFi


Innate Abilities, Weirdness & Mutations

You are mostly covered in thin metallic scales. (AC +3)
((A demonic guardian rushes to your aid.))
You are mostly covered in sharp spines.
You have a tail ending in a sharp stinger.


Message History

You open the green ugly thing like a pillowcase!!!
You kill the green ugly thing!
Okawaru accepts your kill. The cyclops is struck by your spines.
The cyclops closely misses you.
Things that are here:
an ugly thing corpse; an ugly thing corpse You completely miss the cyclops.
The cyclops is moderately wounded.
The cyclops hits you!
You open the cyclops like a pillowcase!!!
You kill the cyclops!
Okawaru accepts your kill. Okawaru grants you armour!
Something appears at your feet!
You see here the +1 acid dragon scales of Zuritusk {rCorr Int+2}.
You see here 2 large rocks.
Things that are here:
the +1 acid dragon scales of Zuritusk {rCorr Int+2}; an ugly thing corpse; an ugly thing corpse
L - the +1 acid dragon scales of Zuritusk {rCorr Int+2} You start removing your armour.
You continue taking off your +0 plate armour. x4
The white ugly thing tail-slaps you but does no damage.
You finish taking off your +0 plate armour.
You closely miss the white ugly thing.
The white ugly thing is struck by your spines.
The white ugly thing tail-slaps you. The white ugly thing freezes you!!
* * * LOW HITPOINT WARNING * * *
The white ugly thing barely misses you.
You slash the white ugly thing!
The white ugly thing is moderately wounded.
The white ugly thing tail-slaps you but does no damage.
You slash the white ugly thing! You tail-slap the white ugly thing.
The white ugly thing is severely wounded.
The white ugly thing is struck by your spines.
The white ugly thing tail-slaps you but does no damage.
The white ugly thing is struck by your spines.
The white ugly thing tail-slaps you.
* * * LOW HITPOINT WARNING * * *
The white ugly thing freezes you!!
You die...

## . . '## #.. #.#.+##
#.#.#.. ..#(#.#
#.#@#.##.# #.#u#....#
#.#.'####+.
#.#........#
###########.'########+
.....................
.....................
#####.......#######
#.####..#


You could see a white ugly thing.

Vanquished Creatures
  An ironbound preserver (Arena)
  A rakshasa (D:13)
  A hydra (D:13)
  A catoblepas (D:13)
  2 two-headed ogres (D:12)
  2 centaur warriors (D:13)
  2 boulder beetles
  A tengu warrior (D:13)
  Pikel (D:5)
  10 cyclopes
  12 ugly things
  7 manticores
  An elephant (D:8)
  6 slime creatures
  Joseph (D:10)
  A gargoyle (D:11)
  A komodo dragon (D:12)
  A polar bear (shapeshifter) (D:13)
  2 tengu conjurers
  3 trolls
  2 shadows
  A centaur simulacrum (D:14)
  A vampire (D:10)
  A wyvern (D:11)
  2 basilisks
  24 yaks
  A human (shapeshifter) (D:13)
  A steam dragon (D:8)
  4 vampire mosquitoes (D:12)
  A warg (D:11)
  2 acid dragons
  Edmund (D:5)
  8 orc warriors
  A water moccasin (D:6)
  A black bear (shapeshifter) (D:14)
  An ice beast (D:6)
  A sky beast (D:7)
  2 black bears (D:8)
  3 ogres
  6 centaurs
  3 kobold brigands
  A bullfrog (D:7)
  2 gnoll sergeants
  3 scorpions
  A killer bee (D:7)
  5 howler monkeys
  7 hounds
  13 orc priests
  Crazy Yiuf (D:4)
  A gnoll bouda (D:7)
  2 jellies
  2 iguanas (D:5)
  2 sleepcaps
  16 orc wizards
  12 gnolls
  An adder (D:5)
  A shadow imp (D:8)
  2 white imps
  6 worms
  6 dart slugs
  54 orcs
  6 bats
  6 endoplasms
  5 giant cockroaches
  9 goblins
  10 hobgoblins
  3 jackals (D:3)
  3 quokkas
  9 ball pythons
  7 frilled lizards
  21 kobolds
  12 rats
353 creatures vanquished.

Vanquished Creatures (collateral kills)
  An ice beast (D:5)
  A goblin (D:4)
  A kobold (D:4)
3 creatures vanquished.

Grand Total: 356 creatures vanquished

Notes
Turn   | Place    | Note
-------+----------+-------------------------------------------
     0 | D:1      | lonewolfV2 the Demonspawn Fighter began the quest for the
                  | Orb.
     0 | D:1      | Reached XP level 1. HP: 18/18 MP: 1/1
   112 | D:1      | Gained mutation: You are partially covered in sharp spines.
                  | [demonic ancestry]
   112 | D:1      | Reached XP level 2. HP: 24/24 MP: 2/2
   487 | D:1      | Reached XP level 3. HP: 26/29 MP: 3/3
   660 | D:2      | Found a blossoming altar of Fedhas.
  1179 | D:2      | Found a faded altar of an unknown god.
  1496 | D:3      | Gained mutation: A weak demonic guardian rushes to your
                  | aid. [demonic ancestry]
  1496 | D:3      | Reached XP level 4. HP: 37/37 MP: 4/4
  2542 | D:4      | Noticed a scorpion
  2548 | D:4      | Killed a scorpion
  2549 | D:4      | Gained mutation: You are mostly covered in sharp spines.
                  | [demonic ancestry]
  2549 | D:4      | Reached XP level 5. HP: 19/43 MP: 5/5
  2693 | D:4      | Reached skill level 5 in Fighting
  2693 | D:4      | Gained mutation: You are partially covered in thin metallic
                  | scales. (AC +2) [demonic ancestry]
  2693 | D:4      | Reached XP level 6. HP: 30/51 MP: 6/6
  2942 | D:4      | Found a snail-covered altar of Cheibriados.
  3101 | D:4      | Found Rubb's Antique Armour Shoppe.
  3212 | D:4      | Found a runed translucent door.
  3213 | D:4      | Noticed Crazy Yiuf
  3447 | D:4      | Killed Crazy Yiuf
  4053 | D:5      | Entered Level 5 of the Dungeon
  4107 | D:5      | Noticed an ice beast
  4119 | D:5      | Killed an ice beast
  4256 | D:5      | Gained mutation: You have a small tail. [demonic ancestry]
  4256 | D:5      | Reached XP level 7. HP: 57/57 MP: 7/7
  4271 | D:5      | Found a staircase to the Ecumenical Temple.
  4459 | Temple   | Entered the Ecumenical Temple
  4574 | Temple   | Became a worshipper of Warmaster Okawaru
  4627 | D:5      | Noticed Pikel
  4629 | D:5      | Noticed Edmund
  4636 | D:5      | Killed Pikel
  4637 | D:5      | Reached skill level 5 in Shields
  4637 | D:5      | Reached skill level 3 in Invocations
  4637 | D:5      | Gained mutation: You are mostly covered in thin metallic
                  | scales. (AC +3) [demonic ancestry]
  4637 | D:5      | Reached XP level 8. HP: 37/67 MP: 7/10
  4637 | D:5      | Reached * piety under Okawaru
  4641 | D:5      | Killed Edmund
  5266 | D:6      | Reached skill level 4 in Invocations
  5883 | D:6      | You are sucked into a shaft and drop 2 floors!
  5899 | D:8      | HP: 1/69 [acid dragon/splash of acid (27)]
  5905 | D:8      | Reached skill level 5 in Invocations
  5915 | D:8      | Gained mutation: You have a tail ending in a sharp stinger.
                  | [demonic ancestry]
  5915 | D:8      | Reached XP level 9. HP: 16/75 MP: 8/12
  5916 | D:8      | HP: 3/75 [yak (13)]
  6320 | D:8      | Found a staircase to the Lair.
  6320 | D:8      | Noticed an elephant
  6342 | D:7      | Reached skill level 6 in Invocations
  6369 | D:7      | Reached ** piety under Okawaru
  6569 | D:7      | Found an ornate altar of the Wu Jian Council.
  6569 | D:7      | Found a radiant altar of Vehumet.
  6571 | D:7      | Found a stormy altar of Qazlal.
  6848 | D:7      | Reached skill level 10 in Fighting
  7635 | D:8      | Reached skill level 7 in Invocations
  7845 | D:8      | Killed an elephant
  7845 | D:8      | Reached *** piety under Okawaru
  7846 | D:8      | Reached XP level 10. HP: 71/86 MP: 15/15
  8674 | D:9      | Found a bloodstained altar of Trog.
  8683 | D:9      | Identified the +7 glaive of Warch {heavy, rElec rCorr Str+3
                  | SInv}
  8817 | D:9      | Reached skill level 1 in Polearms
  8922 | D:9      | Reached **** piety under Okawaru
  9723 | D:10     | Entered Level 10 of the Dungeon
  9806 | D:10     | Reached ***** piety under Okawaru
 10044 | D:10     | Reached skill level 8 in Invocations
 10342 | D:10     | Noticed Joseph
 10354 | D:10     | Killed Joseph
 10355 | D:10     | Reached skill level 5 in Polearms
 10571 | D:10     | Gained mutation: A demonic guardian rushes to your aid.
                  | [demonic ancestry]
 10571 | D:10     | Reached XP level 11. HP: 70/93 MP: 17/17
 10713 | D:11     | Received a gift from Okawaru
 10952 | D:11     | Reached skill level 5 in Armour
 11003 | D:11     | Found a staircase to the Orcish Mines.
 11008 | D:11     | Noticed a purple ugly thing
 11034 | D:11     | Noticed a boulder beetle
 11045 | D:11     | Killed a boulder beetle
 11109 | D:11     | Killed a purple ugly thing
 11110 | D:11     | Reached skill level 9 in Invocations
 11725 | D:11     | Received a gift from Okawaru
 12141 | D:12     | Noticed a two-headed ogre
 12144 | D:12     | Noticed a two-headed ogre
 12155 | D:12     | Killed a two-headed ogre
 12158 | D:12     | Killed a two-headed ogre
 12159 | D:12     | Reached skill level 10 in Invocations
 12425 | D:12     | Identified the +0 ring mail of Cowardice {rF+ Str+2}
 12906 | D:12     | Noticed a boulder beetle
 12941 | D:12     | Killed a boulder beetle
 13008 | D:12     | Reached XP level 12. HP: 76/100 MP: 19/19
 13163 | D:12     | Found a runed translucent door.
 13163 | D:12     | Noticed Danienth's ghost (journeyman TrFi)
 13308 | D:12     | Identified the +0 pair of boots of Kulet {Int+3} (Okawaru
                  | gifted it to you on level 12 of the Dungeon)
 13308 | D:12     | Received a gift from Okawaru
 13880 | D:13     | Noticed a centaur warrior
 13884 | D:13     | Killed a centaur warrior
 13949 | D:13     | Reached skill level 11 in Invocations
 14418 | D:13     | Noticed a rakshasa
 14421 | D:13     | Noticed a tengu warrior
 14425 | D:13     | Noticed an ironbound preserver
 14432 | D:13     | Killed a tengu warrior
 14435 | Arena    | Entered the Arena
 14441 | Arena    | Killed an ironbound preserver
 14488 | D:13     | Killed a rakshasa
 14489 | D:13     | Reached skill level 10 in Polearms
 14765 | D:13     | Found a gate to the Vaults.
 15373 | D:13     | Noticed a five-headed hydra
 15378 | D:13     | Killed an eight-headed hydra
 15379 | D:13     | Reached skill level 12 in Invocations
 15634 | D:13     | Noticed a catoblepas
 15637 | D:13     | Killed a catoblepas
 15695 | D:13     | Noticed a centaur warrior
 15700 | D:13     | Killed a centaur warrior
 16832 | D:13     | Reached XP level 13. HP: 14/106 MP: 19/22
 17283 | D:14     | Found Vaun's Distillery.
 17286 | D:14     | Bought a potion of curing for 45 gold pieces
 17286 | D:14     | Bought a potion of curing for 45 gold pieces
 17327 | D:14     | Identified the +0 sling of Qiagracs {speed, Str+2}
 17821 | D:14     | Received a gift from Okawaru
 17822 | D:14     | Reached skill level 13 in Invocations
 18337 | D:14     | Identified the +1 acid dragon scales of Zuritusk {rCorr
                  | Int+2} (Okawaru gifted it to you on level 14 of the
                  | Dungeon)
 18337 | D:14     | Received a gift from Okawaru
 18348 | D:14     | Slain by a white ugly thing

Illustrated notes

Levels and vault maps discovered:
D:1:      ncdulo_halloftheorcs, layout_basic
D:2:      layout_loops_ring, basic_altar,
          dreamdust_ecumenical_altar_angels_and_demons, kennysheep_nondescript
D:3:      wad_woods_pond, layout_basic, serial_curves, eino_curves_01,
          eino_curves_03, amcnicky_mini_pool_small
D:4:      minmay_thinvault, layout_layer_cave, kennysheep_slug_shrine,
          serial_shops, nicolae_shop_rolling_square, uniq_crazy_yiuf_cottage
D:5:      layout_cave_pools, minmay_temple_entry_statues_fountains,
          cheibrodos_sewer_entry_bend, lightli_minifort, uniq_pikel, uniq_edmund
D:6:      layout_loops_ring
D:7:      minmay_evil_eye, layout_basic, nicolae_overflow_hidden_temple,
          enter_bailey_2
D:8:      layout_loops_ring, david_lair_generic, minmay_misc_feat_room
D:9:      layout_irregular_city, mainiacjoe_overflow_small_starburst,
          palyth_stone_intersect
D:10:     layout_cross, uniq_joseph
D:11:     layout_basic, david_orc_3
D:12:     layout_loops_corners, gammafunk_ghost_grave, minmay_diced_spiral
D:13:     layout_gridville, skrybe_vaults_entry_preservation, special_room
          [special_room_orc]
D:14:     layout_small_grid, serial_shops, kennysheep_mini_moat, minivault_11,
          kennysheep_generic_room_9
Temple:   minmay_temple_bridge_d

Skill      XL: |  1  2  3  4  5  6  7  8  9 10 11 12 13 |
---------------+----------------------------------------+-----
Axes           | 2 3 4 |  4.2
Shields        | 3 4 5 6 7 |  7.3
Fighting       | 4 5 7 8 10 11 | 11.4
Invocations    | 3 5 7 8 10 12 13 | 13.2
Polearms       | 5 8 11 | 11.7
Armour         | 4 6 8 |  8.9

Action                     |  1- 3 |  4- 6 |  7- 9 | 10-12 | 13-15 || total
---------------------------+-------+-------+-------+-------+-------++-------
  Melee: War axe           |    97 |    92 |   163 |    30 |       ||   382
         Tailslap          |       |       |    19 |    48 |    11 ||    78
         Glaive            |       |       |       |   254 |    48 ||   302
  Throw: Dart              |       |       |       |     2 |       ||     2
 Invoke: Heroism           |       |       |     2 |     6 |       ||     8
         Finesse           |       |       |       |     2 |       ||     2
         Duel              |       |       |       |     2 |       ||     2
  Evoke: Wand              |       |       |       |    15 |     8 ||    23
    Use: Scroll            |     4 |    12 |     6 |     9 |     2 ||    33
         Potion            |       |       |     5 |    14 |     2 ||    21
 Armour: Scale mail        |    34 |    37 |       |       |       ||    71
         Chain mail        |       |     4 |    35 |       |       ||    39
         Plate armour      |       |       |    62 |   348 |    31 ||   441
         Skin              |       |       |       |       |     2 ||     2
  Dodge: Dodged            |    44 |    33 |    87 |   185 |    15 ||   364
  Block: Buckler           |    19 |    17 |    48 |    15 |       ||    99
         Other             |       |       |       |    54 |     9 ||    63
         Reflection        |       |       |       |     4 |     1 ||     5
